 Dungeon Crawl Stone Soup version 0.27-a0-385-g3208abaabc (webtiles) character file.

Game seed: 1653382693325728667

48 kae the Insei (level 3, -3/26 HPs)
             Began as a Demonspawn Transmuter on Feb 19, 2021.
             Slain by an adder (4 damage)
             ... on level 2 of the Dungeon.
             The game lasted 00:00:43 (1417 turns).

kae the Insei (Demonspawn Transmuter)               Turns: 1417, Time: 00:00:44

Health: -3/26      AC:  3    Str: 11    XL:     3   Next: 50%
Magic:  5/6        EV: 12    Int: 14    God:
Gold:   99         SH:  0    Dex: 13    Spells: 5/6 levels left

rFire    . . .     SeeInvis .     - Unarmed
rCold    . . .     Faith    .   (no shield)
rNeg     . . .     Spirit   .   a - +0 robe
rPois    .         Reflect  .   (no helmet)
rElec    .         Harm     .   f - +0 cloak
rCorr    .         Rampage  .   (no gloves)
Will     .....                  (no boots)
Stlth    +.........             (no amulet)
HPRegen  0.08/turn              (no ring)
MPRegen  0.10/turn              (no ring)

@: mighty, lethally poisoned (-3 -> -8), very slightly contaminated
A: claws 1
a: no special abilities


You were on level 2 of the Dungeon.
You visited 1 branch of the dungeon, and saw 2 of its levels.

You collected 99 gold pieces.

Inventory:

Armour
 a - a +0 robe (worn)
 f - a +0 cloak (worn)
Scrolls
 b - 4 scrolls of teleportation
 e - a scroll of noise
Potions
 c - a potion of might


   Skills:
 + Level 1.4 Fighting
 + Level 2.0 Dodging
 * Level 3.3 Unarmed Combat
 + Level 2.2 Spellcasting
 * Level 2.3 Transmutations


You had 5 spell levels left.
You knew the following spells:

 Your Spells              Type           Power        Failure   Level
a - Beastly Appendage     Tmut           16%          9%          1

Your spell library contained the following spells:

 Spells                   Type           Power        Failure   Level
 Wereblood                Tmut           8%           13%         2
 Spider Form              Tmut/Pois      2%           41%         3
 Ice Form                 Ice/Tmut       4%           82%         4
 Blade Hands              Tmut           4%           94%         5


Dungeon Overview and Level Annotations

Branches:
Dungeon (2/15)

Altars:


Innate Abilities, Weirdness & Mutations

You have sharp fingernails.


Message History

You scratch the adder.
You kill the adder!
* * * LOW HITPOINT WARNING * * *
You feel sick.
* * * LOW HITPOINT WARNING * * *
You feel sick.
You see here an adder corpse.
* * * LOW HITPOINT WARNING * * *
You feel sick.
There is a lethal amount of poison in your body!
Okay, then.
There is a lethal amount of poison in your body!
There is a lethal amount of poison in your body!
There is a lethal amount of poison in your body!
It was a potion of might.
You feel very mighty all of a sudden.
* * * LOW HITPOINT WARNING * * *
You feel sick.
There is a lethal amount of poison in your body!
There is a lethal amount of poison in your body!
There is a lethal amount of poison in your body!
* * * LOW HITPOINT WARNING * * *
You feel sick.
An adder comes into view.
Found a ring mail.
Your horns disappear.
Your talons disappear.
* * * LOW HITPOINT WARNING * * *
You feel sick.
A frilled lizard comes into view.
* * * LOW HITPOINT WARNING * * *
You feel sick.
Casting: Beastly Appendage (safe; 9% risk of failure)
Confirm with . or Enter, or press ? or * to list all spells.
You miscast Beastly Appendage.
You are very lightly contaminated with residual magic.
Nothing appears to happen.
You miss the adder.
* * * LOW HITPOINT WARNING * * *
You feel sick. The adder bites you.
You die...

..## .... #..[ #..# ##.
###..##### ... ....#...#
####.. #.....l# .....
#S# ##...## #@# #.....#
#.# #.....####.##.#
###....(...†....#
........#########
###....)†...#
#......>##.######
.........##......#
.#.......##.####.#######


You could see an adder.

Vanquished Creatures
  2 adders (D:2)
  An ooze (D:1)
  A leopard gecko (D:1)
  2 ball pythons
  2 giant cockroaches (D:1)
  4 goblins
  4 hobgoblins
  3 bats
  A frilled lizard (D:1)
  3 kobolds
  3 rats (D:1)
26 creatures vanquished.

Notes
Turn   | Place    | Note
-------+----------+-------------------------------------------
     0 | D:1      | kae the Demonspawn Transmuter began the quest for the Orb.
     0 | D:1      | Reached XP level 1. HP: 15/15 MP: 3/3
   375 | D:1      | Gained mutation: You have sharp fingernails. [demonic
                  | ancestry]
   375 | D:1      | Reached XP level 2. HP: 13/21 MP: 3/5
   544 | D:1      | Reached skill level 3 in Unarmed Combat
  1213 | D:2      | Reached XP level 3. HP: 24/26 MP: 4/6
  1415 | D:2      | HP: 1/26 [poisoned by an adder]
  1417 | D:2      | Slain by an adder

Illustrated notes

Levels and vault maps discovered:
D:1:      dpeg_arrival_circle_labyrinth_a, layout_basic,
          amcnicky_mini_rare_corridor_liquid
D:2:      layout_loops_ring, minitemple, gammafunk_temple_overflow_pools,
          uniq_terence

Skill      XL: |  1  2 |
---------------+-------+-----
Transmutations | 2 |  2.3
Unarmed Combat | 3 |  3.3
Dodging        | 2 |  2.0
Fighting       | |  1.4
Spellcasting   | |  2.2

Action                   || total
-------------------------++-------
Melee: Unarmed           ||    85
       Kick              ||    13
       Headbutt          ||    10
 Cast: Beastly Appendage ||    18
  Use: Scroll            ||     3
       Potion            ||     1
 Stab: Sleeping          ||     1
Armor: Robe              ||    22
Dodge: Dodged            ||    66

Table legend: (Time is in decaauts)
 A = Elapsed time spent in this place.
 B = Non-inter-level travel time spent in this place.
 C = Inter-level travel time spent in this place.
 D = Time resting spent in this place.
 E = Time spent auto-exploring this place.
 F = Levels seen in this place.
 G = Mean time per level.
                   A        B        C        D        E       F      G
               +--------+--------+--------+--------+--------+-----+--------+
         Total |   1411 |   1345 |     66 |      0 |   1130 |   2 |  705.5 |
       Dungeon |   1411 |   1345 |     66 |      0 |   1130 |   2 |  705.5 |
               +--------+--------+--------+--------+--------+-----+--------+

Top non-repeatable levels by time:
     D:1: 1165 daAuts
     D:2: 246 daAuts
